 Dungeon Crawl Stone Soup version 0.20.1-1-g8b1a95d (webtiles) character file.

53 Gremour the Sneak (level 3, 0/26 HPs)
             Began as a Draconian Ice Elementalist on Sept 13, 2017.
             Slain by Crazy Yiuf
             ... wielding a +2 quarterstaff of chaos
              (1 damage)
             ... on level 2 of the Dungeon.
             The game lasted 00:08:41 (1451 turns).

Gremour the Sneak (Draconian Ice Elementalist)      Turns: 1451, Time: 00:08:42

Health: 0/26       AC:  5    Str: 10    XL:     3   Next: 64%
Magic:  3/6        EV: 12    Int: 15    God:
Gold:   67         SH:  0    Dex: 12    Spells: 5/6 levels left

rFire    . . .     SeeInvis .   a - +0 short sword
rCold    . . .     Gourm    .   (no shield)
rNeg     . . .     Faith    .   (armour unavailable)
rPois    .         Spirit   .   (helmet restricted)
rElec    .         Reflect  .   (no cloak)
rCorr    .         Harm     .   (no gloves)
MR       .....                  (no boots)
Stlth    ++........             (no amulet)
Regen    0.1/turn               (no ring)
MPRegen  0.1/turn               (no ring)

@: berserk cooldown, very slightly contaminated, slowed, invisible, very slow
A: unfitting armour, cold-blooded, AC +5
a: no special abilities


You were on level 2 of the Dungeon.
You were not hungry.

You visited 1 branch of the dungeon, and saw 2 of its levels.

You collected 67 gold pieces.

Inventory:

Hand Weapons
 a - a +0 short sword (weapon)
Scrolls
 c - 3 scrolls of remove curse {unknown}
 e - a scroll of enchant weapon {unknown}
 h - 3 scrolls of noise {unknown}
 i - a scroll of recharging {unknown}
 k - a scroll of identify {unknown}
 l - a scroll of amnesia {unknown}
Potions
 f - a potion of agility {unknown}
Books
 g - a book of Frost

   Spells                             Type                      Level
   a - Freeze                         Ice                          1
   b - Throw Frost                    Conjuration/Ice              2
   c - Ozocubu's Armour               Charms/Ice                   3
   d - Throw Icicle                   Conjuration/Ice              4
   e - Summon Ice Beast               Ice/Summoning                4
Comestibles
 b - a bread ration


   Skills:
 + Level 0.2 Fighting
 + Level 0.4 Short Blades
 - Level 2.1 Dodging
 * Level 3.3 Stealth
 - Level 0.8 Unarmed Combat
 - Level 2.0 Spellcasting
   Level 1.0 Conjurations
 - Level 3.0 Ice Magic


You had 5 spell levels left.
You knew the following spells:

 Your Spells              Type           Power        Failure   Level  Hunger
z - Freeze                Ice            ##..         6%          1    #......


Dungeon Overview and Level Annotations

Branches:
Dungeon (2/15)

Altars:

Annotations:
D:2 Crazy Yiuf


Innate Abilities, Weirdness & Mutations

Your plain brown scales are hard. (AC +5)
You cannot fit into any form of body armour.
You are cold-blooded and may be slowed by cold attacks.


Message History

Crazy Yiuf hits you with a quarterstaff of chaos.
You fade into invisibility!
You are very lightly contaminated with residual magic.
You feel a strong urge to attack something.
Crazy Yiuf grits, "Hah!"
You are too berserk!
You feel your anger subside.
You are no longer berserk.
You are exhausted.
You feel yourself slow down. Crazy Yiuf closely misses you.
You hit Crazy Yiuf.
Crazy Yiuf is heavily wounded.
Crazy Yiuf hits you with a quarterstaff of chaos!
* * * LOW HITPOINT WARNING * * *
You feel your power leaking away. Crazy Yiuf closely misses you.
You hit Crazy Yiuf but do no damage.
Crazy Yiuf is heavily wounded.
Crazy Yiuf screams, "Powder broken green!"
Crazy Yiuf hits you with a quarterstaff of chaos.
You die...

##....#
#'..'#
#....#
#...##
##.##
#.##
##.#
#.##
##@#
#g#
#...#
#...#
#..)#
#####


You could see Crazy Yiuf.

Vanquished Creatures
  2 adders
  A dart slug (D:1)
  6 bats
  A giant cockroach (D:2)
  2 goblins
  3 hobgoblins (D:1)
  4 jackals (D:2)
  7 kobolds
  3 frilled lizards
  4 rats
33 creatures vanquished.

Notes
Turn   | Place    | Note
-------+----------+-------------------------------------------
     0 | D:1      | Gremour the Draconian Ice Elementalist began the quest for the Orb.
     0 | D:1      | Reached XP level 1. HP: 14/14 MP: 3/3
   437 | D:1      | Reached XP level 2. HP: 11/20 MP: 3/5
   969 | D:1      | Reached XP level 3. HP: 26/26 MP: 4/6
  1330 | D:2      | Found a runed door.
  1440 | D:2      | Noticed Crazy Yiuf
  1442 | D:2      | Paralysed by Crazy Yiuf for 3 turns
  1450 | D:2      | HP: 1/26 [Crazy Yiuf/quarterstaff of chaos (8)]
  1451 | D:2      | Slain by Crazy Yiuf

Skill      XL: |  1  2  3 |
---------------+----------+-----
Stealth        | 2 3 |  3.3
Dodging        | 2 |  2.1
Fighting       | |  0.2
Short Blades   | |  0.4
Unarmed Combat | |  0.8
Spellcasting   | |  2.0
Conjurations   | |  1.0
Ice Magic      | |  3.0

Action                   || total
-------------------------++-------
Melee: Unarmed           ||    20
       Tailslap          ||     9
       Short sword       ||    54
       Dagger            ||     5
 Cast: Freeze            ||    30
  Use: Potion            ||     1
 Stab: Sleeping          ||     4
  Eat: Chunk             ||     2
Armor: Skin              ||    34
Dodge: Dodged            ||    78
